 Dungeon Crawl Stone Soup version 0.30-a0-253-g6b895097cc (webtiles) character file.

Game seed: 12440504910898919314

3189 Malachi the Fighter (level 9, -7/118 (132) HPs)
             Began as an Armataur Fighter on Oct 13, 2022.
             Was a Believer of the Shining One.
             Mangled by a wight
             ... wielding a +4 scimitar
              (8 damage)
             ... on level 7 of the Dungeon.
             The game lasted 00:10:36 (7267 turns).

Malachi the Fighter (Armataur Fighter)              Turns: 7267, Time: 00:10:37

HP:   -7/118 (132)  AC: 24    Str: 32    XL:     9   Next: 64%
MP:   9/9           EV:  1    Int:  9    God:    the Shining One [**....]
Gold: 411           SH:  4    Dex:  9    Spells: 8/8 levels left

rFire   . . .      SeeInvis +    d - +3 flail (holy)
rCold   . . .      Faith    .    c - +0 buckler
rNeg    + . .      Spirit   .    (body armour currently unavailable)
rPois   +          Reflect  .    (helmet currently unavailable)
rElec   .          Harm     .    (cloak currently unavailable)
rCorr   .          Roll     +    (gloves currently unavailable)
Will    .....      NoTele   +    (no barding)
Stlth   +.........               (no amulet)
HPRegen 0.39/turn                h - +6 ring of strength
MPRegen 0.11/turn                o - ring of see invisible

@: tree-form, glowing, heavily drained
A: stationary, stasis, torment immunity, boosted hp, large, rugged brown scales
3, (deformed body), (armoured tail), roll, long tongue, awkward tongue
a: Renounce Religion, Divine Shield


You were on level 7 of the Dungeon.
You worshipped the Shining One.
The Shining One was pleased with you.
You were a tree.
You visited 2 branches of the dungeon, and saw 8 of its levels.
You also visited: Bailey.

You collected 411 gold pieces.

Inventory:

Hand Weapons
 d - a +3 flail of holy wrath (weapon)
Missiles
 a - 4 curare-tipped darts (quivered)
 e - 5 poisoned darts
Armour
 c - a +0 buckler (worn)
 p - a +3 chain mail of fire resistance
 v - the +5 plate armour "Olluutza" (melded) {rC+ rN+ rCorr}
   (You found it in a bailey)

   rC:        It protects you from cold.
   rN:        It protects you from negative energy.
   rCorr:     It protects you from acid and corrosion.
Jewellery
 h - a +6 ring of strength (left branch)
 o - a ring of see invisible (right branch)
Wands
 f - a wand of flame (13)
 m - a wand of charming (1)
Scrolls
 b - 7 scrolls of identify
 j - 3 scrolls of blinking
 n - 2 scrolls of immolation
 q - a scroll of fear {unknown}
 s - a scroll of enchant armour
 u - a scroll of butterflies {unknown}
Potions
 g - a potion of lignification
 i - 3 potions of haste
 l - 2 potions of brilliance
 r - a potion of might
 t - a potion of flight
Miscellaneous
 w - a phial of floods


   Skills:
 + Level 9.2 Fighting
 + Level 8.9 Maces & Flails
 + Level 4.5 Armour
 - Level 3.2 Shields


You had 8 spell levels left.
You didn't know any spells.
Your spell library contained the following spells:

 Spells                   Type           Power      Damage    Failure   Level
 Sandblast                Erth           0%         2d4       45%         1
 Passwall                 Tmut/Erth      0%         N/A       58%         2
 Call Canine Familiar     Summ           0%         N/A       83%         3
 Ozocubu's Armour         Ice            0%         N/A       83%         3
 Portal Projectile        Hex/Tloc       0%         N/A       83%         3
 Stone Arrow              Conj/Erth      0%         3d7       83%         3
 Leda's Liquefaction      Hex/Erth       0%         N/A       99%         4
 Metabolic Englaciation   Hex/Ice        0%         N/A       100%        5
 Simulacrum               Ice/Necr       0%         N/A       100%        6


Dungeon Overview and Level Annotations

Branches:
Dungeon (7/15)             Temple (1/1) D:5          Bailey (visited)

Altars:
Ashenzari
Cheibriados
Dithmenos
Elyvilon
Fedhas
Gozag
Hepliaklqana
Kikubaaqudgha
Makhleb
Nemelex Xobeh
Okawaru
Qazlal
Ru
Sif Muna
Trog
Uskayaw
Wu Jian
Xom
Yredelemnul
Zin
The Shining One

Shops:
D:1 (   D:7 :


Innate Abilities, Weirdness & Mutations

You are a tree.
Your roots penetrate the ground, keeping you stationary.
You cannot be teleported.
You are immune to unholy pain and torment.
Your maximum health is greatly increased.
Your equipment is partially melded.
(You are completely covered in rugged brown scales. (AC +3, +7% HP))
((Armour fits poorly on your strangely shaped body.))
((You have a long armoured tail.))
You roll when moving toward enemies. (Rampage)
Your long tongue fully drains potion bottles. (2x potion effects)
Your tongue gives you trouble enunciating. (1.5x scroll delay)


Message History

You destroy the wight!
The Shining One accepts your kill.
You feel better.
You completely miss the wight.
The wight is heavily damaged.
The wight hits you but does no damage.
You thump the wight!
You destroy the wight!
The Shining One accepts your kill. The wight hits you but does no damage.
You hit the wight.
The wight convulses.
The wight is moderately damaged.
The wight hits you with a +4 scimitar.
* * * LOW HITPOINT WARNING * * *
The wight completely misses you.
You completely miss the wight. The wight hits you with a +4 scimitar.
* * * LOW HITPOINT WARNING * * *
You partially resist.
You feel drained. The wight hits you with a +3 mace.
* * * LOW HITPOINT WARNING * * *
You partially resist.
You feel drained.
You barely miss the wight. You tail-slap the wight!
The wight is heavily damaged.
The wight hits you with a +4 scimitar.
* * * LOW HITPOINT WARNING * * *
The wight hits you but does no damage.
You barely miss the wight.
Your tail-slap misses the wight.
The wight is heavily damaged.
The wight hits you but does no damage. You block the wight's attack.
You hit the wight but do no damage.
The wight is heavily damaged.
The wight hits you but does no damage. The wight hits you with a +4 scimitar!
* * * LOW HITPOINT WARNING * * *
You partially resist.
You feel drained.
* * * LOW HITPOINT WARNING * * *
Really quaff the potion of lignification?
You turn into a tree.
The +5 plate armour "Olluutza" {rC+ rN+ rCorr} melds into your body.
Your roots penetrate the ground.
The wight hits you but does no damage. The wight hits you with a +4 scimitar!
You die...

...........###.#<.....#.## ..
...............##....#... .# ..
#.....##................ ..##.
#.....##................
....#.####...###.#...##.~~~~≈~~~~
......##........#......~#######≈
..........z###.#......≈#∩)))>#~ .
#.##....z#z.##........~#)))..#~
..#.##..$z##z.##♣.......~##'''##~
..........###)##zz......~≈≈≈~≈≈≈~
..#.........#z.....###..~~≈~~≈~≈~
...................#.............
[................#.....#...)#..#.
.................#....##.......##
..................#....#####.....
)................#.....# ##..<.
...................##.## .....


You could see 2 wights.

Vanquished Creatures
  A deep elf pyromancer (Bailey)
  An orc knight (Bailey)
  Sigmund (D:3)
  A wyvern (D:7)
  5 orc warriors (Bailey)
  2 ice beasts
  A black bear (D:6)
  2 ogres (D:5)
  The ghost of Voker57 the Ducker, an amateur DsGl (D:4)
  2 phantoms
  A kobold brigand (D:5)
  Blork the orc (D:6)
  A necrophage (D:6)
  3 scorpions
  3 wights (D:7)
  An iron imp (D:4)
  2 hounds (D:4)
  4 orc priests
  An iguana (D:6)
  5 orc wizards
  7 adders
  A white imp (D:7)
  2 ufetubi
  2 worms (D:2)
  2 dart slugs
  24 orcs
  4 ball pythons
  3 endoplasms
  4 giant cockroaches
  11 hobgoblins
  4 jackals (D:1)
  6 quokkas
  5 bats
  2 frilled lizards
  3 goblins (D:1)
  9 kobolds
  7 rats
135 creatures vanquished.

Vanquished Creatures (collateral kills)
  An orc warrior (Bailey)
  5 orcs (Bailey)
6 creatures vanquished.

Grand Total: 141 creatures vanquished

Notes
Turn   | Place    | Note
-------+----------+-------------------------------------------
     0 | D:1      | Malachi the Armataur Fighter began the quest for the Orb.
     0 | D:1      | Reached XP level 1. HP: 19/19 MP: 1/1
   122 | D:1      | Reached skill level 3 in Fighting
   140 | D:1      | Reached XP level 2. HP: 27/27 MP: 2/2
   212 | D:1      | Found Acuephoq's Weapon Shoppe.
   866 | D:1      | Found a faded altar of an unknown god.
   904 | D:1      | Reached XP level 3. HP: 31/33 MP: 3/3
  1091 | D:2      | Found a shimmering altar of Xom.
  1880 | D:3      | Found a hazy altar of Hepliaklqana.
  2080 | D:3      | Reached XP level 4. HP: 42/42 MP: 4/4
  2176 | D:3      | Noticed Sigmund
  2182 | D:3      | Killed Sigmund
  2183 | D:3      | Reached skill level 4 in Fighting
  2183 | D:3      | Reached XP level 5. HP: 41/50 MP: 5/5
  2630 | D:4      | Found a snail-covered altar of Cheibriados.
  2642 | D:4      | Reached XP level 6. HP: 54/58 MP: 6/6
  2777 | D:4      | Found a broken altar of Ashenzari.
  2896 | D:4      | Reached skill level 5 in Fighting
  3192 | D:4      | Found a runed translucent door.
  3199 | D:4      | Noticed Voker57's ghost (amateur DsGl)
  3229 | D:4      | Killed Voker57's ghost
  3496 | D:5      | Entered Level 5 of the Dungeon
  3496 | D:5      | Found a staircase to the Ecumenical Temple.
  3510 | D:5      | Reached skill level 5 in Maces & Flails
  3510 | D:5      | Reached XP level 7. HP: 47/65 MP: 7/7
  3518 | Temple   | Entered the Ecumenical Temple
  3619 | Temple   | Became a worshipper of the Shining One
  3685 | D:5      | HP: 1/66 [orc/+0 hand axe (3)]
  3995 | D:5      | Reached skill level 6 in Fighting
  4858 | D:5      | Reached XP level 8. HP: 61/75 MP: 8/8
  5318 | D:6      | Reached skill level 7 in Fighting
  5447 | D:6      | Noticed Blork the orc
  5447 | D:6      | Reached * piety under the Shining One
  5454 | D:6      | Killed Blork the orc
  5951 | D:7      | Found Dovez's Book Shop.
  5981 | D:7      | Found a flagged portal.
  5989 | Bailey   | Entered a bailey
  6415 | Bailey   | Reached skill level 8 in Fighting
  6426 | Bailey   | Noticed an orc knight
  6451 | Bailey   | Reached XP level 9. HP: 37/86 MP: 9/9
  6465 | Bailey   | Killed an orc knight
  6881 | Bailey   | Found a large runed translucent door.
  6881 | Bailey   | Found a large runed translucent door.
  6883 | Bailey   | Noticed a deep elf pyromancer
  6906 | Bailey   | Killed a deep elf pyromancer
  6907 | Bailey   | Reached skill level 9 in Fighting
  6922 | Bailey   | Identified the +5 plate armour "Olluutza" {rC+ rN+ rCorr}
  7261 | D:7      | Reached ** piety under the Shining One
  7266 | D:7      | HP: 2/80 [wight/+4 scimitar (8)]
  7267 | D:7      | Mangled by a wight

Illustrated notes

Levels and vault maps discovered:
D:1:      dpeg_cavernosity, layout_basic, serial_shops, nicolae_diamond_shop,
          shapermc_ecumenical_altar_mp_ritualfount
D:2:      layout_loops_ring, basic_altar
D:3:      layout_basic, amcnicky_altar_gilded, uniq_sigmund
D:4:      layout_gridville, nicolae_ashenzari_skybound, slow_altar_1,
          ebering_ghost_sewer_d, nicolae_titane
D:5:      layout_gridville, minmay_temple_entry_tees,
          minmay_misc_feat_more_columns
D:6:      layout_loops_cross, uniq_blork_the_orc
D:7:      layout_cave_pools, serial_shops, kennysheep_mini_moat, enter_bailey_4
Temple:   compressed_dpeg_circular_temple

Skill      XL: |  1  2  3  4  5  6  7  8  9 |
---------------+----------------------------+-----
Maces & Flails | 2 3 4 5 6 7 8 |  8.9
Fighting       | 3 4 5 6 8 9 |  9.2
Armour         | 4 |  4.5
Shields        | |  3.2

Action                   |  1- 3 |  4- 6 |  7- 9 || total
-------------------------+-------+-------+-------++-------
Melee: Flail             |   127 |   126 |   184 ||   437
       Tailslap          |    13 |    10 |    28 ||    51
Evoke: Wand              |       |       |     2 ||     2
  Use: Scroll            |     3 |     3 |     5 ||    11
       Potion            |       |     1 |     9 ||    10
Armor: Scale mail        |    68 |    10 |       ||    78
       Chain mail        |       |    62 |   103 ||   165
       Plate armour      |       |       |    51 ||    51
       Skin              |       |       |     1 ||     1
Dodge: Dodged            |    61 |    41 |    64 ||   166
Block: Buckler           |    31 |    23 |    35 ||    89

Table legend: (Time is in decaauts)
 A = Elapsed time spent in this place.
 B = Non-inter-level travel time spent in this place.
 C = Inter-level travel time spent in this place.
 D = Time resting spent in this place.
 E = Time spent auto-exploring this place.
 F = Levels seen in this place.
 G = Mean time per level.
                   A        B        C        D        E       F      G
               +--------+--------+--------+--------+--------+-----+--------+
         Total |   7375 |   7114 |    261 |   1616 |   4039 |   9 |  819.4 |
       Dungeon |   6236 |   6007 |    229 |    969 |   4014 |   7 |  890.9 |
        Temple |    134 |    102 |     32 |      0 |      0 |   1 |  134.0 |
        Bailey |   1004 |   1004 |      0 |    647 |     25 |   1 | 1004.0 |
               +--------+--------+--------+--------+--------+-----+--------+

Top non-repeatable levels by time:
     D:5: 1691 daAuts
     D:1: 1015 daAuts
  Bailey: 1004 daAuts
     D:4: 910 daAuts
     D:3: 840 daAuts
     D:2: 803 daAuts
     D:6: 634 daAuts
     D:7: 341 daAuts
  Temple: 134 daAuts
